 Dungeon Crawl Stone Soup version 0.17-a0-1382-gc46a074 (webtiles) character file.

6640 Steifyn the Fighter (level 11, -1/104 HPs)
             Began as a Hill Orc Fighter on June 15, 2015.
             Was a High Priest of Lugonu.
             Slain by Urug
             ... wielding a +0 great mace
              (19 damage)
             ... on level 10 of the Dungeon.
             The game lasted 00:52:59 (8608 turns).

Steifyn the Fighter (Hill Orc Fighter)              Turns: 8608, Time: 00:52:59

Health: -1/104     AC: 16    Str: 23    XL:     11   Next: 2%
Magic:  11/11      EV: 10    Int: 12    God:    Lugonu [*****.]
Gold:   174        SH:  5    Dex: 10    Spells: 0 memorised, 10 levels left

rFire  . . .     SeeInvis .     z - +5 whip "Undertaker" {slash, rElec}
rCold  . . .     Clarity  .     A - +2 scale mail {rPois}
rNeg   . . .     SustAt   +     F - +0 buckler (curse)
rPois  +         Gourm    .     w - +0 helmet
rElec  +         Spirit   .     C - +0 cloak
rCorr  .         Warding  .     B - +1 pair of gloves of Xudaacel {Int+4}
rMut   .         Stasis   .     u - +0 pair of boots
MR     .....                    n - amulet of regeneration
Stlth  ..........               b - ring of sustain attributes
                                t - +3 ring of slaying

@: very slightly contaminated, not resistant to hostile enchantments, extremely
unstealthy
A: claws 1, deterioration 1, no device heal 1
a: Depart the Abyss, Bend Space, Banish, Corrupt, Enter the Abyss, Renounce
Religion


You were on level 10 of the Dungeon.
You worshipped Lugonu.
Lugonu was extremely pleased with you.
You were not hungry.

You visited 1 branch of the dungeon, and saw 10 of its levels.

You collected 551 gold pieces.
You spent 377 gold pieces at shops.

Inventory:

Hand weapons
 o - a +4 mace
 q - a +3 flail of freezing
 z - the +5 whip "Undertaker" (weapon) {slash, rElec}
   (You found it on level 5 of the Dungeon)

   It inflicts extra damage upon your enemies.
   It insulates you from electricity.
Armour
 c - a +0 shield
 u - a +0 pair of boots (worn)
 w - a +0 helmet (worn)
 A - a +2 scale mail of poison resistance (worn)
 B - the +1 pair of gloves of Xudaacel (worn) {Int+4}
   (You bought it in a shop on level 6 of the Dungeon)

   It affects your intelligence (+4).
 C - a +0 cloak (worn)
 F - a cursed +0 buckler (worn)
Jewellery
 b - a ring of sustain attributes (right hand)
 n - an amulet of regeneration (around neck)
 t - a +3 ring of slaying (left hand)
 v - an uncursed amulet of guardian spirit
Magical devices
 a - a wand of enslavement (12)
 s - a wand of polymorph (12)
 y - a wand of magic darts (1)
Scrolls
 d - a scroll of teleportation
 e - 2 scrolls of identify
 g - 2 scrolls of amnesia
 h - 2 scrolls of magic mapping
 j - 2 scrolls of noise
 m - 2 scrolls of recharging
Potions
 f - 8 potions of curing
 i - a potion of lignification
 l - 3 potions of haste
 x - a potion of flight
 D - 2 potions of poison
 E - 2 potions of ambrosia
Comestibles
 p - 31 fruits
 r - 3 meat rations


   Skills:
 * Level 11.9 Fighting
 * Level 10.3 Maces & Flails
   Level 2.3 Polearms
 + Level 7.8 Armour
 + Level 8.1 Shields


You had 10 spell levels left.
You didn't know any spells.

Dungeon Overview and Level Annotations

Branches:
Dungeon (10/15)            Temple (0/1) D:4
   Lair: D:8-11         Orc: D:9-12

Altars:
Cheibriados
Fedhas
Gozag
Makhleb
Qazlal
Sif Muna
Xom
Yredelemnul
Lugonu

Shops:
D:6 [   D:8 (   D:9 }![=[

Annotations:
D:7 corrupted
D:9 exclusion: oklob plant
D:10 Urug


Innate Abilities, Weirdness & Mutations

You have sharp fingernails.
Your body sometimes deteriorates upon taking damage.
Potions and wands are less effective at restoring your health.


Message History

You whack Urug!
Urug is heavily wounded.
You hit Urug.
Urug is heavily wounded.
Urug hits you with a great mace!
* * * LOW HITPOINT WARNING * * *
You barely miss Urug.
Urug is heavily wounded.
You barely miss Urug.
Urug is heavily wounded.
You closely miss Urug.
Urug is heavily wounded.
Urug hits you but does no damage.
You closely miss Urug.
Urug is heavily wounded.
There is an open door here.
You hit Urug.
Urug is severely wounded.
Urug hits you with a great mace!!
You die...

+........#.._.._..#
#.....(..'(......⌠+
##'####).#........#
#.# #(.##########.
#.# #.o......§....
#.# ######.##..###
#.## #....## #..#
####.### ####@##
#....# #...o.#
#....# #.....#
####....#
+.....######.......#
#.....'......##)...#
#.....#########.<..#
#.....# #....#
####### #....#
######


You could see Urug.

Vanquished Creatures
  Erolcha (D:9)
  The ghost of Kidiri the Thaumaturge, an experienced DEFE of Vehumet (D:7)
  A hill giant (D:10)
  Psyche (D:9)
  Grinder (D:4)
  A hungry ghost (D:9)
  Menkaure (D:6)
  3 hippogriffs
  The ghost of Uberwunderbarhen the Firebug, an average OpFE (D:3)
  2 water moccasins (D:6)
  3 sky beasts
  3 ice beasts
  2 orc warriors
  A black bear (D:7)
  6 centaurs
  A phantom (D:8)
  2 big kobolds
  2 giant frogs
  A gnoll sergeant (D:5)
  5 wights (D:8)
  5 killer bees (D:8)
  A scorpion (D:9)
  4 crimson imps
  2 quasits
  A jelly (D:10)
  2 centaur skeletons
  3 orc priests
  A giant frog skeleton (D:8)
  A gnoll shaman (D:7)
  3 hounds
  3 iguanas (D:9)
  An iron imp (D:7)
  6 orc wizards
  6 worker ants
  Natasha (thrice) (D:4)
  A hound zombie (D:5)
  A worker ant zombie (D:7)
  11 gnolls
  9 adders
  4 shadow imps
  2 oozes (D:2)
  A worm (D:5)
  5 giant geckos
  17 orcs
  20 bats
  2 bat skeletons
  A bat zombie (D:8)
  13 hobgoblins
  7 jackals
  2 quokkas
  A ball python zombie (D:2)
  8 giant cockroaches
  13 giant newts
  6 goblins
  A goblin skeleton (D:7)
  A goblin zombie (D:7)
  4 hobgoblin zombies (D:7)
  2 jackal zombies
  26 kobolds
  A kobold skeleton (D:7)
  A kobold zombie (D:7)
  3 orc skeletons (D:7)
  18 rats
  4 plants (D:9)
266 creatures vanquished.

Vanquished Creatures (others)
  A worker ant (D:8)
  A hobgoblin (D:7)
  A rat (D:9)
  15 toadstools (D:9)
18 creatures vanquished.

Grand Total: 284 creatures vanquished

Notes
Turn   | Place    | Note
--------------------------------------------------------------
     0 | D:1      | Steifyn the Hill Orc Fighter began the quest for the Orb.
     0 | D:1      | Reached XP level 1. HP: 19/19 MP: 1/1
   115 | D:1      | Reached skill level 4 in Fighting
   117 | D:1      | Reached XP level 2. HP: 12/27 MP: 2/2
   592 | D:1      | Reached XP level 3. HP: 34/34 MP: 3/3
  1007 | D:2      | Reached skill level 1 in Maces & Flails
  1035 | D:2      | Found a faded altar to an unknown god.
  1052 | D:2      | Became a worshipper of Lugonu the Unformed
  1052 | D:2      | Acquired Lugonu's first power
  1052 | D:2      | Acquired Lugonu's second power
  1124 | D:2      | Reached XP level 4. HP: 38/41 MP: 4/4
  1237 | D:2      | Found a stormy altar of Qazlal.
  1584 | D:2      | Found an opulent altar of Gozag.
  1640 | D:2      | Gained mutation: Your body sometimes deteriorates upon taking damage. [potion of mutation]
  1640 | D:2      | Gained mutation: You have sharp fingernails. [potion of mutation]
  1640 | D:2      | Gained mutation: Potions and wands are less effective at restoring your health. [potion of mutation]
  1963 | D:3      | Reached skill level 5 in Fighting
  2025 | D:3      | Reached XP level 5. HP: 48/48 MP: 5/5
  2141 | D:3      | Noticed Uberwunderbarhen's ghost (average OpFE)
  2157 | D:3      | Killed Uberwunderbarhen's ghost
  2157 | D:3      | Reached XP level 6. HP: 9/56 MP: 6/6
  2527 | D:3      | Acquired Lugonu's third power
  2752 | D:4      | You fall through a shaft for 2 floors!
  2776 | D:6      | Found a blossoming altar of Fedhas.
  2852 | D:6      | Noticed Menkaure
  2865 | D:6      | Killed Menkaure
  2865 | D:6      | Reached skill level 6 in Fighting
  3183 | D:6      | Reached XP level 7. HP: 54/63 MP: 7/7
  3188 | D:6      | Noticed a water moccasin
  3200 | D:6      | Killed a water moccasin
  3269 | D:5      | Entered Level 5 of the Dungeon
  3567 | D:4      | Noticed Grinder
  3577 | D:4      | Killed Grinder
  3577 | D:4      | Reached skill level 7 in Fighting
  3577 | D:4      | Reached skill level 5 in Shields
  3644 | D:4      | Noticed Natasha
  3653 | D:4      | Killed Natasha
  3653 | D:4      | Reached skill level 5 in Maces & Flails
  3696 | D:4      | Found a staircase to the Ecumenical Temple.
  3864 | D:4      | Reached XP level 8. HP: 73/73 MP: 8/8
  3878 | D:4      | Reached skill level 5 in Armour
  3999 | D:4      | Noticed Natasha
  4003 | D:4      | Killed Natasha
  4071 | D:4      | Noticed Natasha
  4074 | D:4      | Killed Natasha
  4147 | D:5      | Found a basalt altar of Yredelemnul.
  4162 | D:5      | Found an opulent altar of Gozag.
  4162 | D:5      | Found a burning altar of Makhleb.
  4167 | D:5      | Found a deep blue altar of Sif Muna.
  4400 | D:5      | Acquired Lugonu's fourth power
  4507 | D:5      | Got a twisted whip
  4508 | D:5      | Identified the +5 whip "Undertaker" {slash, rElec} (You found it on level 5 of the Dungeon)
  4778 | D:6      | Noticed a hippogriff
  4790 | D:6      | Killed a hippogriff
  5001 | D:6      | Reached skill level 8 in Fighting
  5320 | D:6      | Found Kaoc's Antique Armour Emporium.
  5487 | D:6      | Reached XP level 9. HP: 77/82 MP: 9/9
  5811 | D:6      | Bought a glowing scale mail for 84 gold pieces
  5811 | D:6      | Bought a pair of distressingly furry gloves for 199 gold pieces
  5811 | D:6      | Bought a cloak for 94 gold pieces
  5826 | D:6      | Identified the +1 pair of gloves of Xudaacel {Int+4} (You bought it in a shop on level 6 of the Dungeon)
  5849 | D:7      | Reached skill level 9 in Fighting
  5878 | D:7      | Noticed Kidiri's ghost (experienced DEFE)
  5900 | D:7      | Killed Kidiri's ghost
  5941 | D:7      | Found a glowing golden altar of the Shining One.
  5953 | D:7      | Acquired Lugonu's fifth power
  6417 | D:8      | Reached skill level 10 in Fighting
  6466 | D:8      | Reached XP level 10. HP: 90/93 MP: 10/10
  6777 | D:8      | Found Kulael's Antique Weapon Shoppe.
  7236 | D:7      | Corrupted D:7
  7236 | D:7      | Noticed a black mamba
  7236 | D:7      | a shapeshifter changed into a black mamba
  7236 | D:7      | Noticed a sixfirhy
  7236 | D:7      | Noticed a rust devil
  7236 | D:7      | Noticed a storm dragon skeleton
  7236 | D:7      | Noticed a smoke demon
  7239 | D:7      | Noticed a worldbinder
  7239 | D:7      | a black mamba changed into a trapdoor spider
  7296 | D:9      | Found Kutreose's Antique Armour Emporium.
  7325 | D:9      | Noticed Psyche
  7342 | D:9      | Killed Psyche
  7418 | D:9      | Found Nast's Distillery.
  7439 | D:9      | Found Joapnaebb's Armour Emporium.
  7574 | D:9      | Reached skill level 11 in Fighting
  7594 | D:9      | Found Beegi's Jewellery Boutique.
  7653 | D:9      | Noticed Erolcha
  7678 | D:9      | Killed Erolcha
  7709 | D:9      | Found Joptos's Gadget Emporium.
  7931 | D:9      | Reached skill level 10 in Maces & Flails
  7981 | D:9      | Found a blossoming altar of Fedhas.
  7991 | D:9      | Noticed an oklob plant
  8391 | D:10     | Entered Level 10 of the Dungeon
  8483 | D:10     | Found a shimmering altar of Xom.
  8483 | D:10     | Found a snail-covered altar of Cheibriados.
  8483 | D:10     | Noticed Urug
  8485 | D:10     | Noticed a hill giant
  8486 | D:10     | Noticed a cyclops
  8488 | D:10     | Noticed a sphinx
  8489 | D:10     | a cyclops changed into a jumping spider
  8555 | D:10     | Killed a hill giant
  8555 | D:10     | Reached XP level 11. HP: 56/104 MP: 11/11
  8608 | D:10     | Slain by Urug

Vault maps used:
D:1:      evilmike_arrival_rings, minmay_misc_feat_room, minmay_bisected
D:2:      old_standard_altar, ecumenical_altar_1, serial_undead,
          serial_undead_e, serial_undead_d, serial_undead_d, serial_undead_a,
          nicolae_gozag_seed_capital
D:3:      first_bread
D:4:      minmay_temple_entry_statues_fountains, minivault_11, uniq_natasha,
          uniq_grinder
D:5:      grunt_temple_overflow_open
D:6:      kennysheep_little_box, serial_shops, kennysheep_mini, uniq_menkaure
D:7:      nicolae_tso_besieged_by_evil
D:8:      serial_shops, shop
D:9:      serial_shops, nicolae_shop_competitors_out_of_business,
          nicolae_shop_crystal, shop, shop, kennysheep_mini_moat,
          blue_anna_alchemist, tgw_fedhas, uniq_psyche, uniq_erolcha
D:10:     david_lair_shrubbed, minmay_hedge_maze, jmf_multi_god_temple,
          uniq_harold, uniq_grum, uniq_urug

Action                   |  1- 3 |  4- 6 |  7- 9 | 10-12 || total
-------------------------+-------+-------+-------+-------++-------
Melee: Trident           |    71 |       |       |       ||    71
       Whip              |   120 |   123 |   437 |   313 ||   993
Invok: Corrupt           |       |       |       |     1 ||     1
  Use: Potion            |       |     9 |     1 |     4 ||    14
       Scroll            |       |     9 |     6 |     8 ||    23
  Eat: Bread ration      |     1 |     1 |     1 |       ||     3
       Royal jelly       |       |     1 |       |       ||     1
       Meat ration       |       |       |     1 |     2 ||     3
